 Seeded DCSS version 0.29-a0-231-g945431f764 (webtiles) character file.

Game seed: 684492102606385270 (custom seed)

191 mcwallace the Shield-Bearer (level 6, -5/48 HPs)
             Began as a Formicid Fighter on Mar 1, 2022.
             Slain by Duvessa
             ... wielding a +0 short sword
              (6 damage)
             ... on level 4 of the Dungeon.
             The game lasted 00:02:41 (2493 turns).

mcwallace the Shield-Bearer (Formicid Fighter)      Turns: 2493, Time: 00:02:42

Health: -5/48      AC:  8    Str: 22    XL:     6   Next: 2%
Magic:  6/6        EV: 10    Int:  8    God:
Gold:   151        SH:  4    Dex: 10    Spells: 5/5 levels left

rFire   . . .      SeeInvis +   a - +0 flail {mace}
rCold   . . .      Faith    .   c - +0 buckler
rNeg    . . .      Spirit   .   b - +0 scale mail
rPois   .          Reflect  .   (helmet unavailable)
rElec   .          Harm     .   (no cloak)
rCorr   .          Rampage  .   (no gloves)
Will    .....                   y - +0 pair of boots
Stlth   ..........              (no amulet)
HPRegen 0.16/turn               (no ring)
MPRegen 0.10/turn               (no ring)

@: mighty, lethally poisoned (-5 -> -18)
A: permanent stasis, dig shafts and tunnels, antennae 3, four strong arms
a: Dig, Shaft Self


You were on level 4 of the Dungeon.
You visited 1 branch of the dungeon, and saw 4 of its levels.

You collected 151 gold pieces.


Innate Abilities, Weirdness & Mutations

You cannot be hasted, slowed, berserked, paralysed or teleported.
You can dig through walls and to a lower floor.
You have a pair of large antennae on your head. (SInv)
Your four strong arms can wield two-handed weapons with a shield.


   Skills:
 + Level 4.1 Fighting
 + Level 2.8 Maces & Flails
 + Level 1.2 Throwing
 + Level 4.1 Armour
 + Level 1.6 Dodging
 + Level 4.4 Shields
 + Level 1.4 Evocations


You had 5 spell levels left.
You didn't know any spells.
Your spell library contained the following spells:

 Spells                   Type           Power      Damage    Failure   Level
 Scorch                   Fire           0%         2d5       90%         2
 Flame Wave               Conj/Fire      0%         2d4       100%        4
 Summon Cactus Giant      Summ           0%         N/A       100%        6

Inventory:

Hand Weapons
 a - a +0 flail (weapon) {mace}
 r - a +2 antimagic dagger {short}
   (You took it off Jessica on level 2 of the Dungeon)
 L - a +2 dagger of protection {short}
   (You took it off a goblin on level 3 of the Dungeon)
 M - the +7 mace "Hydrabane" {distort, Dex+2, mace}
   (You found it on level 3 of the Dungeon)

   It warps and distorts space around it, and may blink, banish, or inflict
   extra damage upon those it strikes.
   Unwielding it can cause banishment or high damage.
   Dex:       It affects your dexterity (+2).
Missiles
 m - 57 stones {throwing}
 x - 5 atropa-tipped darts {throwing}
Armour
 b - a +0 scale mail (worn)
 c - a +0 buckler (worn)
 f - a +0 robe
   (You found it on level 1 of the Dungeon)
 n - an orb of energy
   (You found it on level 1 of the Dungeon)
 s - a +0 robe
   (You took it off Jessica on level 2 of the Dungeon)
 u - a +0 leather armour
   (You found it on level 2 of the Dungeon)
 v - a +0 chain mail
   (You found it on level 2 of the Dungeon)
 w - a +0 ring mail
   (You found it on level 2 of the Dungeon)
 y - a +0 pair of boots (worn)
   (You found it on level 2 of the Dungeon)
 C - a +0 leather armour
   (You took it off Ijyb on level 3 of the Dungeon)
 F - a +0 leather armour
   (You took it off an orc on level 3 of the Dungeon)
 G - a +0 ring mail
   (You took it off an orc on level 3 of the Dungeon)
 H - a +0 scale mail
   (You took it off an orc on level 3 of the Dungeon)
 J - a +0 animal skin
   (You took it off Robin on level 3 of the Dungeon)
Wands
 D - a wand of digging (1)
   (You took it off Ijyb on level 3 of the Dungeon)
 E - a wand of paralysis (8)
   (You found it on level 3 of the Dungeon)
 K - a wand of flame (14)
   (You took it off Robin on level 3 of the Dungeon)
Scrolls
 e - a scroll of holy word {unknown}
 g - a scroll of magic mapping {unknown}
 i - a scroll of summoning {unknown}
 k - 3 scrolls of teleportation {unknown}
 l - 2 scrolls of fear {unknown}
 o - a scroll of enchant weapon {unknown}
 q - a scroll of vulnerability {unknown}
 t - a scroll of amnesia {unknown}
 A - 3 scrolls of identify {unknown}
 I - a scroll of immolation {unknown}
Potions
 h - a potion of resistance {unknown}
 j - 3 potions of mutation {unknown}
 p - 3 potions of haste {unknown}
 z - 3 potions of curing {unknown}
 B - a potion of degeneration {unknown}

Dungeon Overview and Level Annotations

Branches:
Dungeon (4/15)
 Temple: D:4-7

Altars:
Ashenzari

Shops:
D:2 *

Annotations:
D:4 Dowan, Duvessa

.... ....... ....
..?#.#. .>. ..!.... #..
...#.#. ######+#.###
.......
.........#<#####...#.#.
.........#...†.e!......
..........e####........
........#.e@.##....####
######.......##....#
###.....##....#
#.....##....#
#.....##....#
#.....##?...# #.....#
##....#


You could see Duvessa and Dowan.


Message History

Key pressed, stopping explore.
Key pressed, stopping explore.
There is an open door here.
Key pressed, stopping explore.
Done exploring.
Done exploring.
Done exploring.
No target in view!
No target in view!
Done exploring.
No target in view!
Done exploring.
There is an open door here.
There is a stone staircase leading down here.
You climb downwards.
There is a stone staircase leading up here.
A necrophage is nearby!
You closely miss the necrophage. The necrophage barely misses you.
You sock the necrophage! The necrophage hits you. 😕 HP[-3]
You take 3 damage, and now have 39/42 hp.
You hit the necrophage.
The necrophage barely misses you. 😕 HP[+1]
You sock the necrophage! The necrophage closely misses you.
You block the necrophage's attack.
A necrophage is nearby!
You sock the necrophage!
You destroy the necrophage!
Your Fighting skill increases to level 4!
Your Throwing skill increases to level 1!
Your Armour skill increases to level 4!
You have reached level 6! 😕 HP[+6] MP[+1]
You now have 48 max hp (+6).
You regained 6 hp, and now have 46/48 hp.
Your mp is fully restored (6).
You sense a monster nearby.
You see here a necrophage corpse.
Duvessa, Sister of Dowan comes into view.
She is wielding a +0 short sword.
Duvessa shouts! 😎 HP[+2]
Your hp is fully restored (48).
You see here a necrophage corpse.
An endoplasm comes into view.
Found a stone staircase leading down.
The endoplasm jiggles.
You hit the endoplasm.
You kill the endoplasm!
You barely miss Duvessa. Duvessa closely misses you.
Duvessa hits you with a +0 short sword. 😕 HP[-6]
You take 6 damage, and now have 42/48 hp.
You barely miss Duvessa.
Dowan, Brother of Duvessa comes into view.
He is wielding a +2 dagger of venom.
Duvessa completely misses you. 😕 HP[+1]
You barely miss Duvessa. Duvessa closely misses you.
You hit Duvessa. Duvessa hits you with a +0 short sword!
Duvessa closely misses you. 😮 HP[-11]
You take 11 damage, and now have 32/48 hp.
MASSIVE DAMAGE!! (PAUSE)
You feel very mighty all of a sudden.
Duvessa hits you with a +0 short sword. 😮 HP[-6]
You take 6 damage, and now have 26/48 hp.
You closely miss Duvessa. You block Duvessa's attack.
You barely miss Duvessa.
Duvessa hits you with a +0 short sword. 😮 HP[-1]
You take 1 damage, and now have 25/48 hp.
You barely miss Duvessa.
Dowan shouts!
Duvessa barely misses you.
You barely miss Duvessa. Duvessa hits you with a +0 short sword.
* * * LOW HITPOINT WARNING * * *
Dowan hits you but does no damage.
You are poisoned.
Duvessa closely misses you. 😨 HP[-4]
You take 4 damage, and now have 21/48 hp.
You hit Duvessa.
You feel very sick. Dowan gestures at you while chanting.
The puff of frost hits you!
* * * LOW HITPOINT WARNING * * *
Duvessa completely misses you.
Dowan hits you with a +2 dagger of venom.
* * * LOW HITPOINT WARNING * * *
You are more poisoned. 😱 HP[-16]
You take 16 damage, and now have 5/48 hp.
MASSIVE DAMAGE!! (PAUSE)
Aiming: Paralyse
Press: ? - help, Q - select action, (/) - cycle Shift-Dir - straight line, f - Duvessa
Aim: Duvessa, wielding a +0 short sword and wearing a +0 leather armour (lightly wounded, chance to affect: 35%) Duvessa easily resists.
* * * LOW HITPOINT WARNING * * *
You feel very sick. Duvessa hits you with a +0 short sword.
You die...

Skill      XL: |  1  2  3  4  5 |
---------------+----------------+-----
Shields        | 4 |  4.4
Dodging        | 1 |  1.6
Evocations     | 1 |  1.4
Fighting       | 4 |  4.1
Throwing       | 1 |  1.2
Armour         | 4 |  4.1
Maces & Flails | |  2.8

Action                   |  1- 3 |  4- 6 || total
-------------------------+-------+-------++-------
Melee: Flail             |    43 |   120 ||   163
Evoke: Wand              |       |     1 ||     1
  Use: Potion            |       |     1 ||     1
Armor: Scale mail        |    15 |    55 ||    70
Dodge: Dodged            |    21 |    65 ||    86
Block: Buckler           |     8 |    29 ||    37

Levels and vault maps discovered:
D:1:      dpeg_arrival_rhombus, layout_basic, hellmonk_ecumenical_altar_run_dry
D:2:      layout_rooms, serial_shops, shop_fountains, basic_altar,
          nicolae_figureground_sparkle, uniq_jessica
D:3:      layout_basic, uniq_robin, uniq_ijyb
D:4:      layout_basic, general_overflow_altar, minmay_temple_entry_large_hall,
          serial_glass, glass_columns_a, glass_columns_b, uniq_duvessa

Notes
Turn   | Place    | Note
-------+----------+-------------------------------------------
     0 | D:1      | mcwallace the Formicid Fighter began the quest for the Orb.
     0 | D:1      | Reached XP level 1. HP: 18/18 MP: 1/1
     0 | D:1      | magus.rc [v1.9.6]
   234 | D:1      | Found a faded altar of an unknown god.
   302 | D:1      | Reached XP level 2. HP: 24/24 MP: 2/2
   467 | D:2      | Noticed Jessica
   472 | D:2      | Killed Jessica
   473 | D:2      | Reached skill level 4 in Shields
   473 | D:2      | Reached XP level 3. HP: 13/29 MP: 3/3
   652 | D:2      | Found Usau's General Store.
   660 | D:2      | Found a broken altar of Ashenzari.
   663 | D:2      | Reached skill level 1 in Dodging
   971 | D:2      | Reached XP level 4. HP: 35/37 MP: 4/4
  1378 | D:3      | Noticed Ijyb
  1395 | D:3      | Killed Ijyb
  1759 | D:3      | You pick up a book of Scorching and begin reading...
  1759 | D:3      | You add the spells Scorch, Flame Wave and Summon Cactus
                  | Giant to your library.
  1844 | D:3      | Reached XP level 5. HP: 42/42 MP: 5/5
  1855 | D:3      | Noticed Robin
  1875 | D:3      | Killed Robin
  2131 | D:3      | Reached skill level 1 in Evocations
  2135 | D:3      | Identified the +7 mace "Hydrabane" {distort, Dex+2}
  2455 | D:4      | Reached skill level 4 in Fighting
  2455 | D:4      | Reached skill level 1 in Throwing
  2455 | D:4      | Reached skill level 4 in Armour
  2455 | D:4      | Reached XP level 6. HP: 46/48 MP: 6/6
  2469 | D:4      | Noticed Duvessa
  2483 | D:4      | Noticed Dowan
  2492 | D:4      | HP: 9/48 [Dowan/puff of frost (9)]
  2493 | D:4      | HP: 1/48 [poisoned by Dowan]
  2493 | D:4      | Slain by Duvessa

Vanquished Creatures
  A necrophage (D:4)
  Jessica (D:2)
  Ijyb (D:3)
  Robin (D:3)
  2 adders
  A worm (D:2)
  3 orcs (D:3)
  2 endoplasms
  4 giant cockroaches
  7 goblins
  4 hobgoblins (D:3)
  2 quokkas
  8 ball pythons
  3 frilled lizards
  4 kobolds
  4 rats
48 creatures vanquished.

Table legend:
 A = Non-vault XP
 B = Vault XP
 C = Vault XP percentage of total XP
 D = Non-vault monster count
 E = Vault monster count
 F = Vault count percentage of total count
                 A         B        C        D         E       F
            +---------+---------+-------+---------+---------+-------
      Total |     171 |     103 |  37.6 |      37 |      11 |  22.9
            +---------+---------+-------+---------+---------+-------
        D:1 |      11 |       0 |   0.0 |       8 |       0 |   0.0
        D:2 |      39 |      37 |  48.7 |      17 |       1 |   5.6
        D:3 |      30 |      66 |  68.8 |      10 |      10 |  50.0
        D:4 |      91 |       0 |   0.0 |       2 |       0 |   0.0
            +---------+---------+-------+---------+---------+-------

Illustrated notes

Table legend:
 A = Kills in this place as a percentage of kills in entire the game.
 B = Kills by you in this place as a percentage of kills by you in the entire game.
 C = Kills by friends in this place as a percentage of kills by friends in the entire game.
 D = Other kills in this place as a percentage of other kills in the entire game.
 E = Experience gained in this place as a percentage of experience gained in the entire game.
 F = Experience gained in this place divided by the number of levels of this place that you have seen.
                   A       B       C       D       E      F
               +-------+-------+-------+-------+-------+----------------------
         Total | 100.0 | 100.0 |   N/A |   N/A | 100.0 |  68.5
       Dungeon | 100.0 | 100.0 |   N/A |   N/A | 100.0 |  68.5
               +-------+-------+-------+-------+-------+----------------------

Table legend: (Time is in decaauts)
 A = Elapsed time spent in this place.
 B = Non-inter-level travel time spent in this place.
 C = Inter-level travel time spent in this place.
 D = Time resting spent in this place.
 E = Time spent auto-exploring this place.
 F = Levels seen in this place.
 G = Mean time per level.
                   A        B        C        D        E       F      G
               +--------+--------+--------+--------+--------+-----+--------+
         Total |   2544 |   2451 |     93 |    156 |   1879 |   4 |  636.0 |
       Dungeon |   2544 |   2451 |     93 |    156 |   1879 |   4 |  636.0 |
               +--------+--------+--------+--------+--------+-----+--------+

Top non-repeatable levels by time:
     D:3: 1131 daAuts
     D:2: 731 daAuts
     D:1: 631 daAuts
     D:4: 50 daAuts
